 Dungeon Crawl Stone Soup version 0.31-a0-744-gbc345e7fcb (webtiles) character file.

Game seed: 6304192317721519865

51 Dittersdorf the Shield-Bearer (level 3, 0/24 HPs)
             Began as a Gargoyle Fighter on Sept 13, 2023.
             Was an Initiate of Okawaru.
             Slain by a gnoll
             ... wielding a +0 spear
              (6 damage)
             ... on level 3 of the Dungeon.
             The game lasted 00:01:07 (1030 turns).

Dittersdorf the Shield-Bearer (Gargoyle Fighter)    Turns: 1030, Time: 00:01:08

Health: 0/24       AC: 11    Str: 21    XL:     3   Next: 81%
Magic:  3/3        EV:  5    Int:  8    God:    Okawaru [......]
Gold:   150        SH:  0    Dex:  9    Spells: 2/2 levels left

rFire   . . .        a - +0 flail
rCold   . . .        c - +0 buckler
rNeg    + . .        b - +0 scale mail
rPois   ∞            (no helmet)
rElec   +            m - +0 cloak
rCorr   .            (no gloves)
SInv    .            (no boots)
Will    .....        (no amulet) Stlth
                     (no ring)
HPRegen 0.24/turn    (no ring)
MPRegen 0.08/turn

%: no passive effects
@: weakened, held
A: sickness immunity, AC +3, negative energy resistance 1, electricity
resistance, torment resistance 1, petrification resistance
a: Renounce Religion


You were on level 3 of the Dungeon.
You worshipped Okawaru.
Okawaru was noncommittal.
You visited 1 branch of the dungeon, and saw 3 of its levels.

You collected 150 gold pieces.

Inventory:

Hand Weapons
 a - a +0 flail (weapon)
Armour
 b - a +0 scale mail (worn)
 c - a +0 buckler (worn)
 m - a +0 cloak (worn)
Wands
 r - a wand of flame (11)
Scrolls
 e - a scroll of immolation {unknown}
 g - a scroll of acquirement {unknown}
 i - a scroll of enchant weapon {unknown}
 j - a scroll of identify {unknown}
 k - 2 scrolls of enchant armour {unknown}
 n - a scroll of revelation {unknown}
 o - a scroll of silence {unknown}
 q - a scroll of teleportation {unknown}
Potions
 d - a potion of might
 f - 2 potions of degeneration {unknown}
 h - a potion of magic {unknown}
 l - a potion of brilliance {unknown}
 p - a potion of curing {unknown}


   Skills:
 + Level 3.8 Fighting
 + Level 2.5 Maces & Flails
 + Level 3.8 Armour
 + Level 3.8 Shields


You had 2 spell levels left.
You didn't know any spells.
Your spell library was empty.

Dungeon Overview and Level Annotations

Branches:
Dungeon (3/15)

Altars:
Okawaru


Innate Abilities, Weirdness & Mutations

You are immune to sickness and miasma.
Your stone body is resilient. (AC +3)
You are immune to poison.
You resist negative energy. (rN+)
You are resistant to electric shocks. (rElec)
You are resistant to unholy torment.
You are immune to petrification.


Message History

No target in view!
You see here a rat corpse.
f - 2 puce potions (gained 1)
There is a stone staircase leading up here.
Done exploring.
Done exploring.
No target in view!
Done exploring.
What level of the Dungeon? (default 2, ? - help)
There is a stone staircase leading down here.
You climb downwards.
The gnoll shouts! x4; The kobold shouts!
The gnoll shouts!
You hear a shout! x2
Found 9 gold pieces and a scroll labelled HAPPUA GOJOFALINN.
Found a stone staircase leading down.
There is a stone staircase leading up here.
There are monsters nearby!
The gnoll throws a throwing net.
The throwing net hits you.
You become entangled in the net!
A gnoll comes into view. It is wielding a +0 flail.
A gnoll comes into view. It is wielding a +0 halberd.
The gnoll bouda gazes fiercely through you!
You feel your attacks grow feeble.
A gnoll comes into view. It is wielding a +0 whip.
The gnoll shouts!
The gnoll bouda barks out a call to the hunt!
The gnolls pick up the pace!
You struggle against the net.
An endoplasm comes into view.
The kobold hits you with a +0 whip.
You struggle against the net.
The endoplasm quivers.
The gnoll closely misses you.
The gnoll hits you from afar with a +1 heavy spear.
The gnoll hits you with a +0 whip.
A rat comes into view.
The kobold hits you with a +0 whip.
You tear a large gash into the net.
The gnoll hits you with a +0 flail!
* * * LOW HITPOINT WARNING * * *
The gnoll hits you from afar with a +0 spear.
You die...

... .##.. ##.
.....# ....
...... .....
......####.?..#
.##.....#...#.#
..............#
.......@g.#
...$.>.Kgg#
.......ggg...
........ggg....
..........g....
...............
......J..#.....
...r.....#.....


You could see a gnoll bouda, 9 gnolls, an endoplasm, a kobold and a rat.

Vanquished Creatures
  An adder (D:2)
  A dart slug (D:1)
  4 bats (D:1)
  4 endoplasms
  2 giant cockroaches
  4 goblins
  2 hobgoblins
  3 quokkas (D:1)
  A ball python (D:2)
  8 frilled lizards
  3 kobolds (D:1)
  7 rats
40 creatures vanquished.

Notes
Turn   | Place    | Note
-------+----------+-------------------------------------------
     0 | D:1      | Dittersdorf the Gargoyle Fighter began the quest for the
                  | Orb.
     0 | D:1      | Reached XP level 1. HP: 14/14 MP: 1/1
    66 | D:1      | Reached XP level 2. HP: 19/19 MP: 2/2
   253 | D:1      | Reached XP level 3. HP: 18/23 MP: 3/3
   305 | D:1      | You fall into a shaft and drop 1 floor!
   711 | D:2      | Found an iron altar of Okawaru.
   725 | D:2      | Became a worshipper of Warmaster Okawaru
  1030 | D:3      | Slain by a gnoll

Illustrated notes

Levels and vault maps discovered:
D:1:      reono_arrival_forest_river, layout_rooms, minmay_misc_feat_rugged,
          minmay_tall_x
D:2:      layout_basic, basic_altar, st_stairs_13, uniq_natasha,
          uniq_crazy_yiuf_cottage
D:3:      layout_rooms, nicolae_hepliaklqana_monster_ancestors,
          mainiacjoe_overflow_six_doors_small, uniq_ijyb

Action                     || total
---------------------------++-------
  Melee: Flail             ||   113
 Armour: Scale mail        ||    93
  Dodge: Dodged            ||    71
  Block: Buckler           ||    25

Table legend: (Time is in decaauts)
 A = Elapsed time spent in this place.
 B = Non-inter-level travel time spent in this place.
 C = Inter-level travel time spent in this place.
 D = Time resting spent in this place.
 E = Time spent auto-exploring this place.
 F = Levels seen in this place.
 G = Mean time per level.
                   A        B        C        D        E       F      G
               +--------+--------+--------+--------+--------+-----+--------+
         Total |   1074 |   1012 |     62 |      0 |    733 |   3 |  358.0 |
       Dungeon |   1074 |   1012 |     62 |      0 |    733 |   3 |  358.0 |
               +--------+--------+--------+--------+--------+-----+--------+

Top non-repeatable levels by time:
     D:1: 625 daAuts
     D:2: 443 daAuts
     D:3: 5 daAuts
